AoeStats
← GianpaMX

Arabia

510460220Analyzed
3v3 RM · 2d ago on Oct 1, 2026· 52m 41s· 6 players
Game mode
Random Map
Map size
Normal (6 player)
Population
200
Speed
Normal
Resources
Standard
Victory
Conquest
Starting age
Dark Age
Ending age
Imperial Age
RankedLock teamsTeams togetherTeam positionsShared explorationLock speedFull tech treeHidden civsTurbo modeCheats
Victory
Defeat
🇲🇽 Saxons · Mexico
1201
+9
🇲🇽 Hindustanis · Mexico
1191
+9
🇲🇽 Franks · Mexico
1183
+9
🇷🇺 Mongols · Russia
1094
-10
🇵🇪 Khitans · Peru
1018
-9
🇵🇪 Burmese · Peru
991
-8
Tog Rulgay
8:37 Loom
10:44 Feudal Age
16:15 Castle Age
14:03 Double-Bit Axe
14:01 Horse Collar
15:43 Bloodlines
17:50 Scale Barding Armor
22:18 Chain Barding Armor
22:59 Husbandry
25:34 Forging
26:21 Town Watch
27:13 Wheelbarrow
29:09 Hand Cart
30:55 Bow Saw
30:47 Heavy Plow
34:40 Gold Mining
34:41 Stone Mining
36:47 Fletching
41:55 Imperial Age
47:01 Imperial Age
45:16 Gold Shaft Mining
46:59 Bodkin Arrow
47:05 Padded Archer Armor
46:32 Light Cavalry
48:40 Bracer
48:56 Leather Archer Armor
51:51 Parthian Tactics
51:32 Thumb Ring
51:46 Leather Archer Armor
Camarada Artemio
5:07 Loom
11:18 Feudal Age
16:41 Double-Bit Axe
20:56 Castle Age
18:41 Domestication
19:47 Scale Barding Armor
20:13 Forging
21:11 Wheelbarrow
22:07 Chain Barding Armor
22:30 Pastoralism
22:42 Bow Saw
23:45 Husbandry
26:12 Gold Mining
27:05 Town Watch
30:15 Iron Casting
30:47 Hand Cart
36:31 Imperial Age
36:27 Fletching
37:06 Elite Steppe Lancer
39:00 Plate Barding Armor
38:43 Siege Engineers
38:59 Ballistics
39:39 Bodkin Arrow
39:16 Heavy Camel Rider
43:00 Light Cavalry
48:19 Bracer
48:56 Transhumance
50:30 Hussar
Sapolio
2:47 Loom
11:30 Feudal Age
11:30 Loom
12:00 Man-at-Arms
15:46 Arson
16:14 Forging
16:04 Scale Mail Armor
19:19 Horse Collar
25:01 Castle Age
24:13 Fletching
24:09 Town Watch
25:21 Long Swordsman
25:46 Gambesons
26:03 Squires
30:56 Chain Mail Armor
32:03 Iron Casting
31:18 Pikeman
43:55 Imperial Age
52:06 Bodkin Arrow
53:13 Blast Furnace
52:43 Plate Mail Armor
Hogos
6:45 Loom
9:05 Feudal Age
9:45 Double-Bit Axe
15:28 Fletching
19:53 Castle Age
18:40 Gold Mining
19:56 Crossbowman
20:32 Bodkin Arrow
21:31 Bow Saw
22:38 Wheelbarrow
21:49 Town Watch
24:57 Horse Collar
34:10 Imperial Age
32:19 Padded Archer Armor
32:50 Thumb Ring
33:41 Gold Shaft Mining
33:30 Ballistics
32:51 Treadmill Crane
33:22 Masonry
35:05 Bracer
36:08 Chemistry
35:38 Stone Mining
35:40 Arbalester
38:26 Squires
38:27 Scale Mail Armor
38:38 Forging
39:37 Hand Cart
42:30 Two-Man Saw
41:32 Heavy Plow
42:47 Crop Rotation
42:07 Pikeman
43:09 Chain Mail Armor
43:30 Iron Casting
44:51 Plate Mail Armor
44:29 Halberdier
49:08 Leather Archer Armor
49:25 Architecture
49:01 Siege Engineers
49:06 Careening
48:55 Murder Holes
49:12 Fortified Wall
GianpaMX
6:52 Loom
9:21 Feudal Age
11:09 Double-Bit Axe
18:10 Gold Mining
20:52 Castle Age
19:08 Forging
19:29 Bloodlines
20:15 Scale Barding Armor
22:29 Iron Casting
21:18 Light Cavalry
21:59 Husbandry
22:37 Chain Barding Armor
28:15 Wheelbarrow
37:01 Stone Mining
37:47 Gold Shaft Mining
37:54 Hand Cart
37:24 Town Watch
46:58 Imperial Age
48:08 Conscription
48:53 Hussar
48:58 Heavy Camel Rider
50:38 Blast Furnace
50:14 Plate Barding Armor
51:06 Bow Saw
50:56 Imperial Camel Rider
goji_1111
6:19 Loom
9:46 Feudal Age
10:44 Double-Bit Axe
19:04 Castle Age
18:56 Fletching
19:07 Padded Archer Armor
20:24 Bow Saw
19:43 Crossbowman
23:24 Stone Mining
25:47 Gold Mining
33:11 Leather Archer Armor
32:51 Bodkin Arrow
35:09 Ballistics
35:43 Forging
35:39 Scale Barding Armor
37:27 Gold Shaft Mining
39:35 Imperial Age
38:00 Wheelbarrow
40:11 Hand Cart
40:23 Murder Holes
41:23 Conscription
42:27 Iron Casting
42:13 Chain Barding Armor
41:20 Cranequins
41:31 Light Cavalry
43:10 Scale Mail Armor
43:02 Pikeman
44:15 Conscription
45:12 Plate Barding Armor
44:45 Husbandry
45:38 Cavalier
46:15 Town Watch
49:51 Blast Furnace
48:43 Halberdier
50:25 Hoardings
50:19 Squires
50:04 Arson
51:03 Chivalry
50:26 Paladin
51:32 Scale Mail Armor
53:19 Chain Mail Armor
Connection lost

Rejoining the realm…

Still unreachable

The connection could not be restored.

Session expired

The server has moved on; the page needs a fresh start.